3L
VANCOUVER GREY WOLVES @ BROOKLYN DODGERS
07/25/2042
 
TOP OF THE 1ST
Vancouver Grey Wolves batting - Pitching for Brooklyn Dodgers : RHP Rod Watts
Pitching: RHP Rod Watts
Batting: SHB Willie McGirt 0-0: Called Strike
0-1: Foul Ball, location: 2F
0-2: Strikes out swinging
Batting: RHB Rafael Maldonado 0-0: Foul Ball, location: 2F
0-1: Called Strike
0-2: Fly out, F8 (Flyball, 8RD, EV 95.6 MPH)
Batting: SHB John Hawley 0-0: Called Strike
0-1: Ball
1-1: Ball
2-1: Foul Ball, location: 2F
2-2: Strikes out swinging
Top of the 1st over - 0 runs, 0 hits, 0 errors, 0 left on base; Vancouver 0 - Brooklyn 0
BOTTOM OF THE 1ST
Brooklyn Dodgers batting - Pitching for Vancouver Grey Wolves : RHP Alain Arnaud
Pitching: RHP Alain Arnaud
Batting: SHB Fa-hsien Tze 0-0: SINGLE (Groundball, 4MD, EV 94.4 MPH)
Batting: RHB Carlos Muñóz 0-0: Ball
1-0: Fly out, F9 (Flyball, 89M, EV 84.4 MPH)
Batting: LHB Tony Wonder 0-0: Ball
1-0: Called Strike
1-1: Fielders Choice at 2nd, 4-6 (Groundball, 34, EV 95.0 MPH)
Batting: LHB Richello Mabait 0-0: Ball
1-0: Ball
2-0: Called Strike
2-1: Foul Ball, location: 2F
2-2: Fly out, F9 (Flyball, 9S, EV 80.0 MPH)
Bottom of the 1st over - 0 runs, 1 hit, 0 errors, 1 left on base; Vancouver 0 - Brooklyn 0
TOP OF THE 2ND
Vancouver Grey Wolves batting - Pitching for Brooklyn Dodgers : RHP Rod Watts
Batting: LHB José Arras 0-0: Ball
1-0: Fly out, F6 (Popup, 6MS, EV 78.8 MPH)
Batting: RHB José Torres 0-0: Foul Ball, location: 2F
0-1: Ball
1-1: Swinging Strike
1-2: DOUBLE (Line Drive, 8LXD, EV 104.4 MPH)
Batting: LHB Javier Caceres 0-0: Called Strike
0-1: Foul Ball, location: 2F
0-2: Foul Ball, location: 2F
0-2: Ball
1-2: Strikes out looking
Batting: RHB David Stone 0-0: Called Strike
0-1: Ball
1-1: Fly out, F7 (Flyball, 7LSF, EV 90.6 MPH)
Top of the 2nd over - 0 runs, 1 hit, 0 errors, 1 left on base; Vancouver 0 - Brooklyn 0
BOTTOM OF THE 2ND
Brooklyn Dodgers batting - Pitching for Vancouver Grey Wolves : RHP Alain Arnaud
Batting: RHB Bill Chaundler 0-0: Foul Ball, location: 2F
0-1: Foul Ball, location: 2F
0-2: Strikes out swinging
Batting: LHB Jung-joon Yi 0-0: Called Strike
0-1: SINGLE (Groundball, 4, EV 92.5 MPH) (infield hit)
Batting: LHB Tim Stinson 0-0: Ball
1-0: Ball
2-0: Ball
3-0: Called Strike
3-1: Foul Ball, location: 2F
3-2: Base on Balls
Jung-joon Yi to second
Batting: RHB Quindarious Monday 0-0: Ball
1-0: Ball
2-0: Foul Ball, location: 2F
2-1: SINGLE (Line Drive, 89M, EV 93.8 MPH)
Jung-joon Yi to third
Tim Stinson to second
Batting: RHB Alexis Hines 0-0: Ball
1-0: Called Strike
1-1: Ball
2-1: Ball
3-1: DOUBLE (Groundball, 5L, EV 101.9 MPH)
Jung-joon Yi scores
Tim Stinson scores
Quindarious Monday to third
Runner from 3rd tries for Home, SAFE, throw by LF to home
Batting: SHB Fa-hsien Tze 0-0: Ball
1-0: Foul Ball, location: 2F
1-1: Swinging Strike
1-2: SINGLE (Groundball, 6D, EV 99.4 MPH)
Alexis Hines to third
Runner from 3rd tries for Home, SAFE, throw by LF to home
Batting: RHB Carlos Muñóz 0-0: Ball
1-0: Ball
2-0: Swinging Strike
2-1: Ball
3-1: Called Strike
3-2: Strikes out swinging
Batting: LHB Tony Wonder 0-0: Called Strike
0-1: Fly out, F9 (Flyball, 9S, EV 89.4 MPH)
Bottom of the 2nd over - 4 runs, 4 hits, 0 errors, 1 left on base; Vancouver 0 - Brooklyn 4
TOP OF THE 3RD
Vancouver Grey Wolves batting - Pitching for Brooklyn Dodgers : RHP Rod Watts
Batting: LHB Cameron Woolever 0-0: Ball
1-0: Foul Ball, location: 2F
1-1: TRIPLE (Flyball, 89XD, EV 98.8 MPH)
Batting: RHB Kao-tsu Koo 0-0: Called Strike
0-1: Ball
1-1: Foul Ball, location: 2F
1-2: Foul Ball, location: 2F
1-2: Strikes out swinging
Batting: SHB Willie McGirt 0-0: Swinging Strike
0-1: Ball
1-1: Ball
2-1: Ball
3-1: Foul Ball, location: 2F
3-2: Foul Ball, location: 2F
3-2: Foul Ball, location: 2F
3-2: Base on Balls
Batting: RHB Rafael Maldonado 0-0: Ball
1-0: Ball
2-0: Called Strike
2-1: Foul Ball, location: 2F
2-2: Strikes out swinging
Batting: SHB John Hawley 0-0: Ball
1-0: Ball
2-0: Swinging Strike
2-1: Ball
3-1: Called Strike
3-2: Foul Ball, location: 2F
3-2: Strikes out looking
Top of the 3rd over - 0 runs, 1 hit, 0 errors, 2 left on base; Vancouver 0 - Brooklyn 4
BOTTOM OF THE 3RD
Brooklyn Dodgers batting - Pitching for Vancouver Grey Wolves : RHP Alain Arnaud
Batting: LHB Richello Mabait 0-0: Ball
1-0: Foul Ball, location: 2F
1-1: SINGLE (Flyball, 56D, EV 96.9 MPH)
Batting: RHB Bill Chaundler 0-0: SINGLE (Line Drive, 89S, EV 105.6 MPH)
Richello Mabait to second
Batting: LHB Jung-joon Yi 0-0: Ball
1-0: Ball
2-0: Foul Ball, location: 2F
2-1: Fly out, F8 (Flyball, 8LM, EV 92.5 MPH)
Batting: LHB Tim Stinson 0-0: Fly out, F7 (Line Drive, 7, EV 88.8 MPH)
Batting: RHB Quindarious Monday 0-0: Ball
1-0: Called Strike
1-1: Ball
2-1: Ball
3-1: Foul Ball, location: 2F
3-2: Strikes out looking
Bottom of the 3rd over - 0 runs, 2 hits, 0 errors, 2 left on base; Vancouver 0 - Brooklyn 4
TOP OF THE 4TH
Vancouver Grey Wolves batting - Pitching for Brooklyn Dodgers : RHP Rod Watts
Batting: LHB José Arras 0-0: Called Strike
0-1: Ball
1-1: Ball
2-1: Foul Ball, location: 2F
2-2: Foul Ball, location: 2F
2-2: Ball
3-2: SINGLE (Line Drive, 34D, EV 104.4 MPH)
Batting: RHB José Torres 0-0: SINGLE (Line Drive, 8RS, EV 91.2 MPH)
José Arras to second
Runner from 2nd tries for 3rd, SAFE, throw by CF made to third
Batting: LHB Javier Caceres 0-0: Fly out, F8 (Flyball, 78M, EV 84.4 MPH)
Runner from 3rd tags up, OUT at HOME! 8-2
José Torres to second
Batting: RHB David Stone 0-0: Ball
1-0: Ball
2-0: Ground out 6-3 (Groundball, 56, EV 103.1 MPH)
Top of the 4th over - 0 runs, 2 hits, 0 errors, 1 left on base; Vancouver 0 - Brooklyn 4
BOTTOM OF THE 4TH
Brooklyn Dodgers batting - Pitching for Vancouver Grey Wolves : RHP Alain Arnaud
Batting: RHB Alexis Hines 0-0: Ground out 6-3 (Groundball, 6, EV 97.5 MPH)
Batting: SHB Fa-hsien Tze 0-0: Swinging Strike
0-1: Fly out, F6 (Popup, 56D, EV 70.6 MPH)
Batting: RHB Carlos Muñóz 0-0: Ground out U3 (Groundball, 34, EV 101.9 MPH)
Bottom of the 4th over - 0 runs, 0 hits, 0 errors, 0 left on base; Vancouver 0 - Brooklyn 4
TOP OF THE 5TH
Vancouver Grey Wolves batting - Pitching for Brooklyn Dodgers : RHP Rod Watts
Batting: LHB Cameron Woolever 0-0: Ball
1-0: Called Strike
1-1: Called Strike
1-2: Ball
2-2: Fly out, F8 (Flyball, 8RD, EV 89.4 MPH)
Batting: RHB Kao-tsu Koo 0-0: Ball
1-0: Swinging Strike
1-1: Ball
2-1: Ground out 1-3 (Groundball, 13S, EV 65.0 MPH)
Batting: SHB Willie McGirt 0-0: Foul Ball, location: 2F
0-1: Called Strike
0-2: Foul Ball, location: 2F
0-2: Ball
1-2: SINGLE (Groundball, 4MD, EV 98.1 MPH)
Batting: RHB Rafael Maldonado 0-0: Fielders Choice at 2nd, U4 (Groundball, 4M, EV 109.4 MPH)
Top of the 5th over - 0 runs, 1 hit, 0 errors, 1 left on base; Vancouver 0 - Brooklyn 4
BOTTOM OF THE 5TH
Brooklyn Dodgers batting - Pitching for Vancouver Grey Wolves : RHP Alain Arnaud
Batting: LHB Tony Wonder 0-0: Ball
1-0: DOUBLE (Line Drive, 7LD, EV 106.9 MPH)
Batting: LHB Richello Mabait 0-0: Called Strike
0-1: Ball
1-1: Ball
2-1: Foul Ball, location: 2F
2-2: Ball
3-2: Foul Ball, location: 2F
3-2: Fly out, F6 (Popup, 6MS, EV 78.8 MPH)
Batting: RHB Bill Chaundler 0-0: Ball
Tony Wonder is caught stealing 3rd base 2-5
1-0: Called Strike
1-1: SINGLE (Line Drive, 4D, EV 102.5 MPH)
Batting: LHB Jung-joon Yi 0-0: Ball
1-0: Fly out, F8 (Flyball, 8RM, EV 86.2 MPH)
Bottom of the 5th over - 0 runs, 2 hits, 0 errors, 1 left on base; Vancouver 0 - Brooklyn 4
TOP OF THE 6TH
Vancouver Grey Wolves batting - Pitching for Brooklyn Dodgers : RHP Rod Watts
Batting: SHB John Hawley 0-0: Called Strike
0-1: Ball
1-1: Ball
2-1: Ground out 4-3 (Groundball, 4M, EV 101.2 MPH)
Batting: LHB José Arras 0-0: Ball
1-0: Called Strike
1-1: Called Strike
1-2: Strikes out swinging
Batting: RHB José Torres 0-0: Ball
1-0: Ball
2-0: Called Strike
2-1: Swinging Strike
2-2: Fly out, F8 (Flyball, 8RXD, EV 95.6 MPH)
Top of the 6th over - 0 runs, 0 hits, 0 errors, 0 left on base; Vancouver 0 - Brooklyn 4
BOTTOM OF THE 6TH
Brooklyn Dodgers batting - Pitching for Vancouver Grey Wolves : RHP Alain Arnaud
Batting: LHB Tim Stinson 0-0: Called Strike
0-1: Ball
1-1: Foul Ball, location: 2F
1-2: SINGLE (Line Drive, 7LS, EV 103.1 MPH)
Batting: RHB Quindarious Monday 0-0: Ball
1-0: SINGLE (Groundball, 6M, EV 102.5 MPH) (infield hit)
Tim Stinson to second
Batting: RHB Alexis Hines 0-0: Ball
1-0: Ball
2-0: Ball
3-0: Foul Ball, location: 2F
3-1: Foul Ball, location: 2F
3-2: Strikes out swinging
Pitching: RHP Yoshii Ikeda
Batting: SHB Fa-hsien Tze 0-0: Swinging Strike
0-1: Swinging Strike
0-2: Ball
1-2: Ball
2-2: Ball
3-2: Foul Ball, location: 2F
3-2: Foul Ball, location: 2F
3-2: Strikes out swinging
Batting: RHB Carlos Muñóz 0-0: Ball
1-0: Fly out, F2 (Popup, 25F, EV 81.9 MPH)
Bottom of the 6th over - 0 runs, 2 hits, 0 errors, 2 left on base; Vancouver 0 - Brooklyn 4
TOP OF THE 7TH
Vancouver Grey Wolves batting - Pitching for Brooklyn Dodgers : RHP Rod Watts
Batting: LHB Javier Caceres 0-0: SINGLE (Line Drive, 8LS, EV 113.1 MPH)
Batting: RHB David Stone 0-0: Called Strike
Javier Caceres is caught stealing 2nd base 2-4
0-1: Ball
1-1: Foul Ball, location: 2F
1-2: Foul Ball, location: 2F
1-2: Foul Ball, location: 2F
1-2: Ball
2-2: Strikes out swinging
Batting: LHB Cameron Woolever 0-0: Ground out 4-3 (Groundball, 4, EV 79.4 MPH)
Top of the 7th over - 0 runs, 1 hit, 0 errors, 0 left on base; Vancouver 0 - Brooklyn 4
BOTTOM OF THE 7TH
Brooklyn Dodgers batting - Pitching for Vancouver Grey Wolves : RHP Yoshii Ikeda
Batting: LHB Tony Wonder 0-0: Ball
1-0: Ball
2-0: Ball
3-0: Called Strike
3-1: Foul Ball, location: 2F
3-2: Fly out, F8 (Flyball, 78D, EV 86.2 MPH)
Batting: LHB Richello Mabait 0-0: Ball
1-0: Foul Ball, location: 2F
1-1: Ball
2-1: Ball
3-1: Foul Ball, location: 2F
3-2: SOLO HOME RUN (Line Drive, 9LD, EV 97.5 MPH), Distance : 353 ft
Batting: RHB Bill Chaundler 0-0: Called Strike
0-1: Ball
1-1: Swinging Strike
1-2: Foul Ball, location: 2F
1-2: Fly out, F9 (Line Drive, 9D, EV 104.4 MPH)
Batting: LHB Jung-joon Yi 0-0: Ball
1-0: Ground out 4-3 (Groundball, 4, EV 80.0 MPH)
Bottom of the 7th over - 1 run, 1 hit, 0 errors, 0 left on base; Vancouver 0 - Brooklyn 5
TOP OF THE 8TH
Vancouver Grey Wolves batting - Pitching for Brooklyn Dodgers : RHP Rod Watts
Batting: RHB Kao-tsu Koo 0-0: Ball
1-0: Called Strike
1-1: Ball
2-1: SINGLE (Line Drive, 7S, EV 113.1 MPH)
Pitching: RHP Szekeres Panna
Batting: SHB Willie McGirt 0-0: Swinging Strike
0-1: Fly out, F9 (Flyball, 9D, EV 92.5 MPH)
Batting: RHB Rafael Maldonado 0-0: Ball
1-0: Fly out, F7 (Flyball, 7LDF, EV 110.6 MPH)
Batting: SHB John Hawley 0-0: Ball
1-0: Ball
2-0: Foul Ball, location: 2F
2-1: Ball
3-1: Foul Ball, location: 2F
3-2: Ground out 1-3 (Groundball, 15, EV 65.6 MPH)
Top of the 8th over - 0 runs, 1 hit, 0 errors, 1 left on base; Vancouver 0 - Brooklyn 5
BOTTOM OF THE 8TH
Brooklyn Dodgers batting - Pitching for Vancouver Grey Wolves : RHP Yoshii Ikeda
Batting: LHB Tim Stinson 0-0: Foul Ball, location: 2F
0-1: Ball
1-1: Foul Ball, location: 2F
1-2: DOUBLE (Flyball, 8RXD, EV 93.8 MPH)
Batting: RHB Quindarious Monday 0-0: Ball
1-0: Ball
2-0: Foul Ball, location: 2F
2-1: Ground out 5-3 (Groundball, 56, EV 88.8 MPH)
Pitching: RHP Ray Skipworth
Batting: RHB Alexis Hines 0-0: Foul Ball, location: 2F
0-1: SINGLE (Groundball, 5D, EV 103.8 MPH)
Tim Stinson to third
Runner from 3rd tries for Home, SAFE, no throw by LF
Batting: SHB Fa-hsien Tze 0-0: TRIPLE (Line Drive, 89XD, EV 108.1 MPH)
Alexis Hines scores
Pinch Hitting: LHB Ronald Lithgoe 0-0: Swinging Strike
0-1: Foul Ball, location: 2F
0-2: Ball
1-2: Foul Ball, location: 2F
1-2: Strikes out swinging
Batting: LHB Tony Wonder 0-0: Called Strike
0-1: Ball
1-1: Ball
2-1: Swinging Strike
2-2: Strikes out swinging
Bottom of the 8th over - 2 runs, 3 hits, 0 errors, 1 left on base; Vancouver 0 - Brooklyn 7
TOP OF THE 9TH
Vancouver Grey Wolves batting - Pitching for Brooklyn Dodgers : RHP Szekeres Panna
Now at 3B: Ronald Lithgoe
Batting: LHB José Arras 0-0: Called Strike
0-1: Swinging Strike
0-2: Strikes out swinging
Pinch Hitting: RHB Phil van Oosterom 0-0: DOUBLE (Line Drive, 8RXD, EV 106.2 MPH)
Pinch Hitting: LHB Nate Hodges 0-0: Ball
1-0: Ball
2-0: Called Strike
2-1: Foul Ball, location: 2F
2-2: Foul Ball, location: 2F
2-2: Ground out 4-3 (Groundball, 4, EV 81.9 MPH)
Phil van Oosterom to third
Batting: RHB David Stone 0-0: Ball
1-0: Ground out 4-3 (Groundball, 4MS, EV 78.8 MPH)
Top of the 9th over - 0 runs, 1 hit, 0 errors, 1 left on base; Vancouver 0 - Brooklyn 7
Friday, March 26th, 2021 - OOTP Baseball 20.8 Build 74